TOP OF THE 1ST |
Trenton Stars batting - Pitching for Chattanooga Chinpokomon : RHP Juan Moreno
|
Pitching: RHP Juan Moreno
|
|
Batting: SHB Nick Marshall
|
0-0: Ball 1-0: Called Strike 1-1: Ball 2-1: Ball 3-1: Ground out 1-3 (Groundball, 13)
|
Batting: RHB Jesús Dávila
|
0-0: Foul Ball, location: 2F 0-1: Foul Ball, location: 2F 0-2: Ball 1-2: SINGLE (Groundball, 6MD)
|
Batting: RHB Ken McDonald
|
0-0: Ball 1-0: Ball 2-0: Ball 3-0: Called Strike 3-1: Base on Balls Jesús Dávila to second
|
Batting: RHB Jonas Uttley
|
0-0: Ball 1-0: Foul Ball, location: 2F 1-1: Called Strike 1-2: Strikes out looking
|
Batting: RHB Randy Simons
|
0-0: Called Strike 0-1: Called Strike 0-2: Fly out, F8 (Line Drive, 8LM)
|
Top of the 1st over - 0 run(s), 1 hit(s), 0 error(s), 2 left on base; Trenton 0 - Chattanooga 0 |
BOTTOM OF THE 1ST |
Chattanooga Chinpokomon batting - Pitching for Trenton Stars : RHP Juan Vázquez
|
Pitching: RHP Juan Vázquez
|
|
Batting: LHB Mario Cornelo
|
0-0: Called Strike 0-1: Ball 1-1: DOUBLE (Line Drive, 9LM)
|
Batting: RHB Ichizo Akiyama
|
0-0: Foul Ball, location: 2F 0-1: Foul Ball, location: 2F 0-2: Ball 1-2: SINGLE (Groundball, 56D) Mario Cornelo to third Runner from 3rd tries for Home, SAFE, no throw
|
Batting: RHB Pat Fernández
|
0-0: Ball 1-0: Ball 2-0: Ball 3-0: DOUBLE (Line Drive, 8LD) Ichizo Akiyama to third
|
Batting: RHB Casey Fox
|
0-0: Called Strike 0-1: Ball 1-1: Ball 2-1: Fly out, F8 (Line Drive, 8RM) Runner from 3rd tags up, OUT at HOME Pat Fernández to third
|
Batting: RHB Ramiro Chávez
|
0-0: Called Strike 0-1: Fly out, F8 (Flyball, 8RM)
|
Bottom of the 1st over - 1 run(s), 3 hit(s), 0 error(s), 1 left on base; Trenton 0 - Chattanooga 1 |
TOP OF THE 2ND |
Trenton Stars batting - Pitching for Chattanooga Chinpokomon : RHP Juan Moreno
|
Batting: RHB Rafael Canales
|
0-0: Ground out 5-3 (Groundball, 56)
|
Batting: RHB Clancy Booker
|
0-0: Ball 1-0: Ball 2-0: Fly out, F9 (Flyball, 9)
|
Batting: RHB Aaron Washington
|
0-0: Called Strike 0-1: Foul Ball, location: 2F 0-2: Ground out 6-3 (Groundball, 6MD)
|
Top of the 2nd over - 0 run(s), 0 hit(s), 0 error(s), 0 left on base; Trenton 0 - Chattanooga 1 |
BOTTOM OF THE 2ND |
Chattanooga Chinpokomon batting - Pitching for Trenton Stars : RHP Juan Vázquez
|
Batting: RHB Jim Beck
|
0-0: Foul Ball, location: 2F 0-1: Swinging Strike 0-2: Ball 1-2: DOUBLE (Line Drive, 78XD)
|
Batting: RHB Armando Cuevas
|
0-0: SINGLE (Groundball, 34D) Jim Beck to third
|
Batting: LHB Martin Davis
|
0-0: Ball 1-0: Fly out, F7 (Flyball, 7) Runner from 3rd tags up, SCORES, throw made
|
Batting: RHB Kyung-bok Cho
|
0-0: Ball 1-0: Ball 2-0: Ball 3-0: Called Strike 3-1: SINGLE (Groundball, 6MD) Armando Cuevas to second
|
Batting: LHB Mario Cornelo
|
0-0: Ball 1-0: SINGLE (Line Drive, 34) Armando Cuevas to third Kyung-bok Cho to second
|
Batting: RHB Ichizo Akiyama
|
0-0: Ball 1-0: Ball 2-0: Swinging Strike 2-1: Swinging Strike 2-2: Foul Ball, location: 2F 2-2: DOUBLE (Flyball, 8LXD) Armando Cuevas scores Kyung-bok Cho scores Mario Cornelo to third Runner from 3rd tries for Home, SAFE, no throw
|
Batting: RHB Pat Fernández
|
0-0: Called Strike 0-1: Ball 1-1: Swinging Strike 1-2: Ground out 5-3 (Groundball, 56)
|
Batting: RHB Casey Fox
|
0-0: Fly out, F8 (Flyball, 8LD)
|
Bottom of the 2nd over - 4 run(s), 5 hit(s), 0 error(s), 1 left on base; Trenton 0 - Chattanooga 5 |
TOP OF THE 3RD |
Trenton Stars batting - Pitching for Chattanooga Chinpokomon : RHP Juan Moreno
|
Batting: RHB Kenji Murayama
|
0-0: Called Strike 0-1: Ball 1-1: Called Strike 1-2: Ball 2-2: Strikes out swinging
|
Batting: SHB Nick Marshall
|
0-0: Called Strike 0-1: Ball 1-1: Foul Ball, location: 2F 1-2: Ball 2-2: Foul Ball, location: 2F 2-2: Ball 3-2: Foul Ball, location: 2F 3-2: Foul Ball, location: 2F 3-2: Base on Balls
|
Batting: RHB Jesús Dávila
|
0-0: Ball Nick Marshall steals 2nd base 1-0: Foul Ball, location: 2F 1-1: Reached on error, E6 (Groundball, 6M) Nick Marshall to third
|
Batting: RHB Ken McDonald
|
0-0: Called Strike 0-1: Ball 1-1: Called Strike 1-2: Fly out, F9 (Flyball, 9D) Runner from 3rd tags up, SCORES, no throw
|
Batting: RHB Jonas Uttley
|
0-0: Called Strike 0-1: Ball 1-1: Hit by Pitch Jesús Dávila to second
|
Batting: RHB Randy Simons
|
0-0: Ball 1-0: Ball 2-0: Called Strike 2-1: Foul Ball, location: 2F 2-2: Strikes out swinging
|
Top of the 3rd over - 1 run(s), 0 hit(s), 1 error(s), 2 left on base; Trenton 1 - Chattanooga 5 |
BOTTOM OF THE 3RD |
Chattanooga Chinpokomon batting - Pitching for Trenton Stars : RHP Juan Vázquez
|
Batting: RHB Ramiro Chávez
|
0-0: Called Strike 0-1: Swinging Strike 0-2: Ball 1-2: Foul Ball, location: 2F 1-2: Foul Ball, location: 2F 1-2: Ball 2-2: SINGLE (Line Drive, 8LS)
|
Batting: RHB Jim Beck
|
0-0: Foul Ball, location: 2F 0-1: DOUBLE (Line Drive, 7LM) Ramiro Chávez to third Runner from 3rd tries for Home, SAFE, no throw
|
Batting: RHB Armando Cuevas
|
0-0: Swinging Strike 0-1: Called Strike 0-2: Strikes out swinging
|
Batting: LHB Martin Davis
|
0-0: Called Strike 0-1: Ball 1-1: Foul Ball, location: 2F 1-2: Ball 2-2: Ball 3-2: Fly out, F7 (Flyball, 7S)
|
Pitching: RHP Bartolo Rodríguez
|
|
Batting: RHB Kyung-bok Cho
|
0-0: Ground out U3 (Groundball, 34)
|
Bottom of the 3rd over - 1 run(s), 2 hit(s), 0 error(s), 1 left on base; Trenton 1 - Chattanooga 6 |
TOP OF THE 4TH |
Trenton Stars batting - Pitching for Chattanooga Chinpokomon : RHP Juan Moreno
|
Batting: RHB Rafael Canales
|
0-0: Called Strike 0-1: Foul Ball, location: 2F 0-2: Strikes out swinging
|
Batting: RHB Clancy Booker
|
0-0: Fly out, F9 (Flyball, 9D)
|
Batting: RHB Aaron Washington
|
0-0: Called Strike 0-1: Foul Ball, location: 2F 0-2: Ball 1-2: Foul Ball, location: 2F 1-2: Fly out, F8 (Flyball, 8RD)
|
Top of the 4th over - 0 run(s), 0 hit(s), 0 error(s), 0 left on base; Trenton 1 - Chattanooga 6 |
BOTTOM OF THE 4TH |
Chattanooga Chinpokomon batting - Pitching for Trenton Stars : RHP Bartolo Rodríguez
|
Batting: LHB Mario Cornelo
|
0-0: Ball 1-0: Called Strike 1-1: Fly out, F7 (Line Drive, 78D)
|
Batting: RHB Ichizo Akiyama
|
0-0: SINGLE (Groundball, 34D)
|
Batting: RHB Pat Fernández
|
0-0: Ball 1-0: Grounds into double play, 4-6-3 (Groundball, 34)
|
Bottom of the 4th over - 0 run(s), 1 hit(s), 0 error(s), 0 left on base; Trenton 1 - Chattanooga 6 |
TOP OF THE 5TH |
Trenton Stars batting - Pitching for Chattanooga Chinpokomon : RHP Juan Moreno
|
Batting: RHB Kenji Murayama
|
0-0: Foul Ball, location: 2F 0-1: Ball 1-1: Foul Ball, location: 2F 1-2: Strikes out looking
|
Batting: SHB Nick Marshall
|
0-0: Called Strike 0-1: Foul Ball, location: 2F 0-2: Strikes out looking
|
Batting: RHB Jesús Dávila
|
0-0: Ball 1-0: Called Strike 1-1: Ball 2-1: Ball 3-1: Base on Balls
|
Batting: RHB Ken McDonald
|
0-0: Swinging Strike 0-1: Fly out, F8 (Flyball, 8LS)
|
Top of the 5th over - 0 run(s), 0 hit(s), 0 error(s), 1 left on base; Trenton 1 - Chattanooga 6 |
BOTTOM OF THE 5TH |
Chattanooga Chinpokomon batting - Pitching for Trenton Stars : RHP Bartolo Rodríguez
|
Batting: RHB Casey Fox
|
0-0: Fly out, F7 (Flyball, 78D)
|
Batting: RHB Ramiro Chávez
|
0-0: Called Strike 0-1: Foul Ball, location: 2F 0-2: Ball 1-2: Ball 2-2: Fly out, F7 (Flyball, 78D)
|
Batting: RHB Jim Beck
|
0-0: Ball 1-0: Swinging Strike 1-1: Swinging Strike 1-2: Foul Ball, location: 2F 1-2: Ground out 5-3 (Groundball, 56S)
|
Bottom of the 5th over - 0 run(s), 0 hit(s), 0 error(s), 0 left on base; Trenton 1 - Chattanooga 6 |
TOP OF THE 6TH |
Trenton Stars batting - Pitching for Chattanooga Chinpokomon : RHP Juan Moreno
|
Batting: RHB Jonas Uttley
|
0-0: Ball 1-0: Foul Ball, location: 2F 1-1: Swinging Strike 1-2: Ball 2-2: Foul Ball, location: 2F 2-2: Ball 3-2: Ground out 5-3 (Groundball, 56)
|
Batting: RHB Randy Simons
|
0-0: Foul Ball, location: 2F 0-1: Ball 1-1: Called Strike 1-2: SINGLE (Groundball, 56D)
|
Batting: RHB Rafael Canales
|
0-0: Called Strike Randy Simons is caught stealing 2nd base 0-1: Ball 1-1: Ground out 6-3 (Groundball, 6)
|
Top of the 6th over - 0 run(s), 1 hit(s), 0 error(s), 0 left on base; Trenton 1 - Chattanooga 6 |
BOTTOM OF THE 6TH |
Chattanooga Chinpokomon batting - Pitching for Trenton Stars : RHP Bartolo Rodríguez
|
Batting: RHB Armando Cuevas
|
0-0: Called Strike 0-1: Foul Ball, location: 2F 0-2: Ball 1-2: SINGLE (Flyball, 89S)
|
Batting: LHB Martin Davis
|
0-0: Called Strike 0-1: Called Strike 0-2: Ball 1-2: Strikes out looking
|
Batting: RHB Kyung-bok Cho
|
0-0: Swinging Strike 0-1: Swinging Strike 0-2: Ball 1-2: Foul Ball, location: 2F 1-2: Fly out, F7 (Flyball, 7S)
|
Batting: LHB Mario Cornelo
|
0-0: Ball 1-0: Called Strike 1-1: Fielders Choice at 2nd, 4-6 (Groundball, 4)
|
Bottom of the 6th over - 0 run(s), 1 hit(s), 0 error(s), 0 left on base; Trenton 1 - Chattanooga 6 |
TOP OF THE 7TH |
Trenton Stars batting - Pitching for Chattanooga Chinpokomon : RHP Juan Moreno
|
Pitching: RHP Carlos Mendoza
|
|
Batting: RHB Clancy Booker
|
0-0: Ball 1-0: Ball 2-0: Ball 3-0: Base on Balls
|
Batting: RHB Aaron Washington
|
0-0: Ball 1-0: Ball 2-0: Fly out, F7 (Flyball, 7)
|
Batting: RHB Kenji Murayama
|
0-0: Called Strike 0-1: Called Strike 0-2: Grounds into double play, 5-4-3 (Groundball, 56)
|
Top of the 7th over - 0 run(s), 0 hit(s), 0 error(s), 0 left on base; Trenton 1 - Chattanooga 6 |
BOTTOM OF THE 7TH |
Chattanooga Chinpokomon batting - Pitching for Trenton Stars : RHP Bartolo Rodríguez
|
Batting: RHB Ichizo Akiyama
|
0-0: Ground out 5-3 (Groundball, 56S)
|
Batting: RHB Pat Fernández
|
0-0: Ball 1-0: Called Strike 1-1: Ground out 6-3 (Groundball, 6)
|
Batting: RHB Casey Fox
|
0-0: Called Strike 0-1: Foul Ball, location: 2F 0-2: Ball 1-2: Ball 2-2: Ball 3-2: Foul Ball, location: 2F 3-2: Ground out 5-3 (Groundball, 5)
|
Bottom of the 7th over - 0 run(s), 0 hit(s), 0 error(s), 0 left on base; Trenton 1 - Chattanooga 6 |
TOP OF THE 8TH |
Trenton Stars batting - Pitching for Chattanooga Chinpokomon : RHP Carlos Mendoza
|
Now at 1B: Yasutoki Kojima
|
|
Batting: SHB Nick Marshall
|
0-0: Called Strike 0-1: Ball 1-1: Ball 2-1: Ground out U3 (Groundball, 3L)
|
Batting: RHB Jesús Dávila
|
0-0: Ground out 6-3 (Groundball, 6)
|
Batting: RHB Ken McDonald
|
0-0: Ball 1-0: Called Strike 1-1: Ball 2-1: SINGLE (Groundball, 34D)
|
Batting: RHB Jonas Uttley
|
0-0: Ball 1-0: Fly out, F8 (Flyball, 8LM)
|
Top of the 8th over - 0 run(s), 1 hit(s), 0 error(s), 1 left on base; Trenton 1 - Chattanooga 6 |
BOTTOM OF THE 8TH |
Chattanooga Chinpokomon batting - Pitching for Trenton Stars : RHP Bartolo Rodríguez
|
Batting: RHB Ramiro Chávez
|
0-0: Swinging Strike 0-1: SINGLE (Flyball, 8LS)
|
Batting: RHB Jim Beck
|
0-0: Ball 1-0: Ball 2-0: Swinging Strike 2-1: Ball 3-1: Foul Ball, location: 2F 3-2: Base on Balls Ramiro Chávez to second
|
Pitching: RHP José Gómez
|
|
Batting: RHB Armando Cuevas
|
0-0: Fly out, F7 (Flyball, 7)
|
Batting: LHB Martin Davis
|
0-0: Foul Ball, location: 2F 0-1: Ground out 3-1 (Groundball, 34S) Ramiro Chávez to third Jim Beck to second
|
Batting: RHB Kyung-bok Cho
|
0-0: Called Strike 0-1: Foul Ball, location: 2F 0-2: Ball 1-2: SINGLE (Groundball, 34D) Ramiro Chávez scores Jim Beck to third Runner from 3rd tries for Home, SAFE, no throw
|
Batting: LHB Mario Cornelo
|
0-0: Called Strike 0-1: Ball 1-1: Called Strike Balk! Kyung-bok Cho to second 1-2: Fly out, F8 (Flyball, 8LM)
|
Bottom of the 8th over - 2 run(s), 2 hit(s), 0 error(s), 1 left on base; Trenton 1 - Chattanooga 8 |
TOP OF THE 9TH |
Trenton Stars batting - Pitching for Chattanooga Chinpokomon : RHP Carlos Mendoza
|
Pinch Hitting: RHB Chris Cole
|
0-0: Ball 1-0: Ground out 5-3 (Groundball, 56)
|
Batting: RHB Rafael Canales
|
0-0: Called Strike 0-1: Ball 1-1: Foul Ball, location: 2F 1-2: Foul Ball, location: 2F 1-2: Ball 2-2: Ground out 5-3 (Groundball, 56)
|
Batting: RHB Clancy Booker
|
0-0: Foul Ball, location: 2F 0-1: Ball 1-1: Ground out 5-3 (Groundball, 5)
|
Top of the 9th over - 0 run(s), 0 hit(s), 0 error(s), 0 left on base; Trenton 1 - Chattanooga 8 |
|